Map: Dreamcatcher LE

Players

Serral - Winner!

  • Race: Zerg Zerg
  • Spawn Location: 5:00

Stats

  • Race: Protoss Protoss
  • Spawn Location: 11:00

Event: 2018 WCS Global Finals

VOD

https://youtu.be/h0UBfmOJYO4?t=1652

Description

Time

  • Played on: Nov. 3, 2018, 7:35 p.m.
  • Length: 12:18

All games in this series

Show
View Real Time Build Order
Export as new Build Order

Serral Zerg - Winner!

Build Orders: Hatch First, Swarm Host 

Get SALT Encoding   

  12  0:00  Drone  
  13  0:12  Overlord  
  13  0:17  Drone  
  14  0:30  Drone x2  
  16  0:47  Drone  
  17  0:55  Drone  
  17  0:56  Hatchery  
  17  0:57  Drone  
  17  1:03  Extractor  
  17  1:15  Spawning Pool  
  17  1:17  Drone  
  17  1:21  Drone  
  18  1:28  Drone  
  19  1:40  Overlord  
  19  1:50  Drone  
  20  2:01  Queen  
  20  2:02  Zergling x2  
  20  2:06  Metabolic Boost  
  20  2:08  Zergling x2, Queen  
  25  2:12  Drone  
  27  2:19  Drone  
  27  2:21  Drone  
  29  2:30  Drone  
  29  2:32  Drone  
  31  2:41  Hatchery  
  30  2:47  Queen  
  30  2:51  Zergling x2  
  33  2:56  Overlord  
  33  2:57  Drone  
  34  3:00  Drone  
  34  3:02  Zergling x2  
  36  3:08  Overlord  
  35  3:15  Drone x3  
  35  3:19  Spore Crawler  
  37  3:20  Drone  
  37  3:26  Overlord  
  38  3:27  Drone  
  38  3:33  Drone  
  40  3:34  Drone  
  40  3:44  Zergling x6  
  40  3:45  Zergling x2  
  40  3:46  Zergling x2  
  45  3:49  Queen  
  45  3:52  Spore Crawler  
  45  3:55  Drone  
  47  3:57  Drone x2  
  47  4:01  Evolution Chamber  
  48  4:03  Drone  
  48  4:05  Drone  
  48  4:07  Drone  
  48  4:08  Drone  
  52  4:10  Drone  
  52  4:14  Spore Crawler  
  52  4:15  Drone  
  52  4:24  Drone x2  
  52  4:25  Baneling Nest  
  52  4:26  Drone  
  52  4:30  Drone  
  52  4:38  Overlord  
  51  4:39  Drone x3  
  51  4:43  Zerg Melee Weapons Level 1  
  52  4:50  Queen  
  52  4:52  Queen  
  54  4:57  Queen  
  54  4:59  Drone  
  59  5:04  Overlord  
  59  5:05  Drone x2  
  59  5:06  Drone  
  62  5:07  Drone  
  62  5:09  Drone  
  62  5:11  Drone  
  65  5:16  Drone  
  65  5:18  Overlord  
  66  5:24  Drone x3  
  66  5:26  Queen  
  71  5:30  Overlord, Lair  
  71  5:32  Zergling x2  
  71  5:33  Zergling x2  
  72  5:36  Zergling x2  
  73  5:45  Zergling x6  
  73  5:46  Extractor x2, Overlord  
  73  5:47  Drone x3, Extractor  
  76  5:52  Spore Crawler  
  76  5:53  Drone x4, Spore Crawler  
  77  5:57  Drone  
  77  5:59  Drone x2  
  77  6:02  Drone  
  77  6:03  Drone  
  80  6:04  Drone x2  
  80  6:11  Drone, Spore Crawler  
  82  6:18  Zergling x6  
  82  6:21  Drone x3  
  82  6:24  Extractor  
  86  6:26  Drone x4  
  86  6:32  Drone, Centrifical Hooks  
  91  6:33  Hydralisk Den  
  91  6:37  Drone x4  
  94  6:42  Overlord  
  94  6:45  Drone  
  94  6:49  Spore Crawler  
  94  6:50  Drone  
  95  6:57  Hatchery  
  95  6:58  Drone x4  
  95  6:59  Overlord  
  95  7:00  Drone x2  
  99  7:02  Muscular Augments  
  99  7:03  Extractor  
  99  7:05  Zerg Melee Weapons Level 2  
  95  7:09  Overlord  
  95  7:14  Drone, Overlord  
  95  7:15  Drone x3  
  97  7:16  Drone  
  97  7:18  Drone  
  97  7:19  Drone  
  97  7:21  Drone x2  
  98  7:24  Drone x3  
  98  7:25  Overlord x2  
  98  7:26  Overlord  
  98  7:28  Drone  
  98  7:29  Drone  
  101  7:36  Drone  
  101  7:38  Drone x2  
  103  7:45  Overlord, Hydralisk  
  103  7:46  Hydralisk x2  
  103  7:50  Hydralisk  
  111  7:56  Hydralisk x4  
  116  8:07  Drone x2, Hydralisk  
  120  8:14  Grooved Spines, Overlord  
  120  8:15  Infestation Pit  
  120  8:16  Hydralisk x5  
  129  8:26  Drone  
  129  8:27  Drone x3  
  131  8:32  Overlord  
  132  8:37  Hydralisk x4  
  132  8:38  Zergling x6  
  142  8:47  Zergling x12  
  147  8:53  Drone x3  
  147  8:55  Extractor, Overlord  
  150  8:56  Extractor, Overlord x2  
  150  8:59  Overlord  
  148  9:11  Swarm Host x6  
  148  9:13  Overlord x2  
  148  9:15  Swarm Host x3  
  148  9:17  Baneling x8  
  175  9:19  Baneling x3  
  175  9:25  Drone x2  
  175  9:28  Zergling x2  
  175  9:30  Swarm Host x2  
  184  9:31  Hatchery  
  184  9:34  Swarm Host x2  
  189  9:43  Zergling x18  
  195  9:51  Baneling x2  
  195  9:52  Zergling x14  
  200  9:54  Zerg Missile Weapons Level 1  
  200  10:02  Baneling x16  
  200  10:11  Spine Crawler x2  
  200  10:13  Baneling x12  
  198  10:14  Drone  
  198  10:15  Drone  
  200  10:27  Zergling x2  
  200  10:28  Zergling x4  
  200  10:34  Zergling x20  
  198  10:40  Zergling x10  
  198  10:44  Hive  
  198  10:46  Zergling x6  
  198  10:47  Spire  
  196  10:51  Overseer x2  
  196  10:56  Baneling x6  
  196  10:57  Baneling x10  
  196  11:09  Drone x2  
  198  11:16  Zergling x4  
  198  11:17  Baneling x15  
  188  11:29  Zergling x30  
  198  11:36  Zergling x2  
  198  11:37  Zergling x8  
  193  11:40  Hydralisk x3  
  193  11:46  Baneling x4  
  199  11:50  Baneling x18  
  199  11:51  Baneling x4  
Show
View Real Time Build Order
Export as new Build Order

Stats Protoss 

Build Orders: 1 Gate Expand, Oracle Opening, Phoenix Opening, Chargelot Immortal, Mass Phoenix 

Get SALT Encoding   

  12  0:00  Probe  
  13  0:12  Probe  
  14  0:17  Pylon  
  14  0:24  Probe  
  15  0:32  Probe  
  15  0:40  Probe  
  16  0:42  Gateway  
  16  0:48  Assimilator  
  17  0:51  Probe  
  18  1:03  Probe  
  19  1:15  Probe  
  20  1:25  Nexus  
  20  1:35  Cybernetics Core  
  20  1:38  Probe  
  21  1:45  Assimilator  
  21  1:51  Probe  
  22  1:54  Pylon  
  22  2:03  Adept, Probe  
  23  2:15  Probe  
  26  2:17  Stargate  
  26  2:22  Adept  
  26  2:27  Probe  
  27  2:32  Warp Gate  
  27  2:34  Probe  
  29  2:39  Probe  
  31  2:46  Adept, Probe  
  34  2:51  Probe  
  34  2:58  Phoenix  
  35  2:59  Probe  
  35  3:03  Probe  
  39  3:15  Probe x2  
  39  3:19  Pylon  
  41  3:20  Assimilator  
  41  3:22  Assimilator  
  41  3:23  Oracle  
  44  3:28  Probe  
  44  3:30  Probe  
  46  3:40  Probe  
  47  3:42  Probe  
  47  3:44  Pylon  
  48  3:52  Stargate  
  48  3:53  Probe  
  48  3:54  Probe  
  50  4:00  Phoenix, Gateway  
  52  4:07  Probe x2  
  54  4:19  Pylon, Probe x2  
  56  4:29  Phoenix  
  56  4:31  Probe x2  
  58  4:36  Adept  
  62  4:39  Phoenix  
  56  4:46  Probe x2  
  56  4:48  Phoenix  
  60  4:57  Adept x2, Pylon  
  66  5:02  Pylon  
  66  5:04  Phoenix  
  68  5:13  Phoenix  
  70  5:19  Nexus  
  70  5:26  Pylon  
  70  5:29  Phoenix  
  72  5:37  Robotics Facility  
  72  5:39  Robotics Facility  
  72  5:42  Probe x2  
  74  5:50  Sentry x2  
  74  5:52  Pylon  
  74  5:56  Probe x2  
  80  6:00  Forge  
  80  6:08  Probe x2, Pylon  
  80  6:10  Twilight Council  
  82  6:16  Immortal  
  82  6:19  Immortal, Sentry  
  82  6:21  Adept  
  86  6:25  Probe  
  86  6:26  Probe  
  96  6:34  Probe  
  96  6:36  Protoss Ground Weapons Level 1  
  97  6:45  Probe x2  
  97  6:46  Probe  
  98  6:50  Charge  
  98  6:54  Zealot x2  
  98  6:59  Probe x3  
  103  7:02  Assimilator  
  103  7:06  Assimilator  
  103  7:09  Pylon  
  103  7:11  Probe x3  
  106  7:23  Immortal x2, Probe x3  
  106  7:25  Templar Archives  
  106  7:28  Gateway  
  117  7:40  Gateway  
  117  7:42  Gateway  
  117  7:43  Pylon  
  117  7:46  Probe  
  118  7:51  Pylon  
  118  7:56  Pylon  
  118  8:00  Immortal x2  
  118  8:01  Gateway  
  118  8:04  Gateway  
  116  8:06  Psionic Storm  
  116  8:09  Photon Cannon x2  
  116  8:12  Protoss Ground Weapons Level 2  
  124  8:20  Gateway  
  124  8:21  Pylon  
  124  8:31  High Templar x2  
  124  8:32  High Templar  
  130  8:48  Pylon  
  130  8:49  Warp Prism, High Templar  
  130  8:51  High Templar  
  135  8:56  Photon Cannon  
  135  8:58  Photon Cannon, Zealot  
  137  9:08  Nexus  
  137  9:11  Pylon  
  137  9:17  High Templar x3, Zealot, Pylon  
  139  9:20  Shield Battery  
  139  9:23  Shield Battery  
  145  9:25  Photon Cannon  
  145  9:40  Zealot x5  
  151  9:50  Photon Cannon  
  143  9:54  Assimilator  
  143  9:57  Immortal  
  143  9:58  Assimilator, High Templar x3  
  157  10:02  High Templar, Archon  
  157  10:05  Archon  
  155  10:09  Zealot x3  
  155  10:10  Zealot  
  155  10:13  Probe x2, Pylon  
  155  10:14  Probe  
  166  10:17  Photon Cannon  
  166  10:18  Photon Cannon  
  166  10:25  Probe  
  159  10:32  Zealot x6  
  161  10:41  Observer  
  161  10:42  Immortal  
  156  10:51  High Templar x2  
  156  10:55  High Templar x3  
  156  10:56  Photon Cannon, Zealot  
  166  10:57  Zealot x2  
  166  10:58  Photon Cannon  
  166  10:59  Archon  
  166  11:02  Photon Cannon  
  166  11:03  Probe x3  
  174  11:04  Probe  
  174  11:24  Archon  
  154  11:29  High Templar  
  154  11:30  High Templar x3  
  154  11:31  Probe  
  154  11:32  Probe x3  
  148  11:34  Zealot x4  
  148  11:53  Photon Cannon  
  146  11:54  High Templar x2  
  146  11:56  Photon Cannon  
  146  11:59  Shield Battery  
  146  12:00  Pylon  
  150  12:02  Photon Cannon  
  150  12:04  Photon Cannon  
Tags
 
Add a new tag
Caveats
  • Supply blocks, unpowered buildings, or Contaminate may cause inaccurate times.
  • Supply counts are checked every 10 seconds.